 Dungeon Sprint DCSS version 0.20-a0-351-gc9b4002 (console) character file.

3526 Kalmpela the Bludgeoner (level 9, 0/63 HPs)
             Began as a Demonspawn Berserker on Dec 25, 2016.
             Was the Champion of Trog.
             Succumbed to a spiny frog's poison
             ... in the Dungeon (Sprint IX: "|||||||||||||||||||||||||||||").
             The game lasted 00:08:11 (919 turns).

Kalmpela the Bludgeoner (Demonspawn Berserker)       Turns: 919, Time: 00:08:11

Health: 0/63       AC: 18    Str: 20    XL:     9   Next: 82%
Magic:  1/9        EV:  8    Int: 13    God:    Trog [******]
Gold:   12         SH:  0    Dex: 12    Spells: 8/8 levels left

rFire  . . .     SeeInvis .     n - +2 morningstar (protect)
rCold  . . .     Gourm    .     q - +0 plate armour
rNeg   . . .     Faith    .     (no shield)
rPois  .         Spirit   +     (helmet restricted)
rElec  .         Reflect  .     (no cloak)
rCorr  .         Harm     .     p - +0 pair of gloves
MR     ++...     NoTele   +     (no boots)
Stlth  ..........               (no amulet)
                                s - +2 ring of evasion
                                r - +3 ring of intelligence

@: lethally poisoned (0 -> -24), exhausted, protection aura, regenerating,
slowed, very slow
A: horns 2, demonic guardian 1, magic shield, magic regeneration
a: Berserk, Trog's Hand, Brothers in Arms, Burn Spellbooks, Renounce Religion


You were in the Dungeon.
You worshipped Trog.
Trog was exalted by your worship.
You were near starving.

You visited 1 branch You collected 12 gold pieces.

Inventory:

Hand Weapons
 a - a +0 mace
 n - a +2 morningstar of protection (weapon)
 t - a +2 rapier of distortion
 z - a +2 hand axe of chopping
Armour
 b - a +0 animal skin
 o - a +0 helmet
 p - a +0 pair of gloves (worn)
 q - a +0 plate armour (worn)
Jewellery
 r - a +3 ring of intelligence (left hand)
 s - a +2 ring of evasion (right hand)
Wands
 m - a wand of lightning (7/15)
Scrolls
 i - 2 scrolls of blinking
 k - 5 scrolls of remove curse
 l - 2 scrolls of amnesia
 x - 2 scrolls of recharging
 y - a scroll of fog
Potions
 d - 8 potions of curing
 e - 5 potions of heal wounds
 f - 2 potions of haste
 g - 4 potions of magic
 h - a potion of berserk rage
 j - a potion of invisibility
 u - 2 potions of resistance
Miscellaneous
 v - a sack of spiders
Comestibles
 c - 9 chunks of flesh
 w - a meat ration


   Skills:
 - Level 3.0 Fighting
 + Level 19.3 Maces & Flails
 - Level 1.7 Armour
 - Level 1.7 Dodging


You had 8 spell levels left.
You didn't know any spells.

Dungeon Overview and Level Annotations

Branches:
Dungeon (1/1)

Altars:
Cheibriados
Dithmenos
Elyvilon
Fedhas
Gozag
Hepliaklqana
Kikubaaqudgha
Makhleb
Nemelex Xobeh
Okawaru
Qazlal
Ru
Sif Muna
Trog
Uskayaw
Vehumet
Xom
Yredelemnul
Zin
The Shining One
Beogh
Jiyva
Lugonu


Innate Abilities, Weirdness & Mutations

You have a pair of horns on your head.
A weak demonic guardian rushes to your aid.
When hurt, damage is shared between your health and your magic reserves.
You regenerate magic rapidly.


Message History

The seven-headed hydra is moderately wounded.
You feel very sick. The seven-headed hydra bites you.
* * * LOW HITPOINT WARNING * * *
The seven-headed hydra bites you.
* * * LOW HITPOINT WARNING * * *
The seven-headed hydra bites you!
* * * LOW HITPOINT WARNING * * *
The seven-headed hydra bites you but does no damage.
The seven-headed hydra barely misses you.
The seven-headed hydra bites you!
* * * LOW HITPOINT WARNING * * *
The seven-headed hydra bites you.
* * * LOW HITPOINT WARNING * * *
You swap places.
You are no longer berserk.
Trog's vigour flows through your veins.
You are exhausted.
You feel yourself slow down.
You die...

▓▓▓▓▓▓▓▓▓▓▓▓▓▓▓▓▓▓▓▓▓▓▓▓▓▓▓▓▓▓▓▓▓
..'_______________________.'..|).
▓▓▓▓▓▓▓▓▓▓▓▓▓▓▓▓▓▓▓▓▓▓▓▓▓▓▓▓▓▓▓▓▓
.................................
▓▓▓▓▓▓▓▓▓▓▓▓▓▓▓▓▓▓▓▓▓▓▓▓▓▓▓▓▓▓▓▓▓
.......'†..÷...5@5DFtr..t
▓▓▓▓▓▓▓▓▓▓▓▓▓▓▓▓▓▓▓▓▓▓▓▓▓


You could see a seven-headed hydra, a crocodile, a bullfrog, a porcupine, a
friendly white imp and a friendly ufetubus.

Vanquished Creatures
  A cyclops (D)
  A black mamba (D)
  4 spiny frogs (D)
  A troll (D)
  A hippogriff (D)
  A blink frog (D)
  A yak (D)
  A vampire (D)
  A basilisk (D)
  A porcupine (D)
  An ice beast (D)
  3 crocodiles (D)
  2 bullfrogs (D)
  A quasit (D)
  An orc priest (D)
  An orc wizard (D)
  2 worker ants (D)
  A gnoll (D)
  An adder zombie (D)
  2 goblins (D)
  A quokka (D)
  3 bats (D)
32 creatures vanquished.

Vanquished Creatures (collateral kills)
  A necrophage (D)
  A bat zombie (D)
2 creatures vanquished.

Grand Total: 34 creatures vanquished

Notes
Turn   | Place    | Note
-------+----------+-------------------------------------------
     0 | D        | Kalmpela the Demonspawn Berserker began the quest for the Orb.
     0 | D        | Reached XP level 1. HP: 18/18 MP: 1/1
     8 | D        | Reached skill level 3 in Maces & Flails
    11 | D        | Reached ** piety under Trog
    16 | D        | Reached skill level 4 in Maces & Flails
    80 | D        | Noticed an orc priest
    80 | D        | Noticed a worker ant
    86 | D        | Reached skill level 5 in Maces & Flails
    86 | D        | Gained mutation: When hurt, damage is shared between your health and your magic reserves. [demonic ancestry]
    86 | D        | Reached XP level 2. HP: 7/24 MP: 2/2
    88 | D        | Reached *** piety under Trog
    88 | D        | Reached skill level 6 in Maces & Flails
    88 | D        | Gained mutation: You have a pair of small horns on your head. [demonic ancestry]
    88 | D        | Reached XP level 3. HP: 8/29 MP: 3/3
    94 | D        | Reached skill level 7 in Maces & Flails
    94 | D        | Gained mutation: A weak demonic guardian rushes to your aid. [demonic ancestry]
    94 | D        | Reached XP level 4. HP: 7/35 MP: 2/4
   397 | D        | Found a roughly hewn altar of Beogh.
   397 | D        | Found a snail-covered altar of Cheibriados.
   397 | D        | Found a shadowy altar of Dithmenos.
   397 | D        | Found a white marble altar of Elyvilon.
   397 | D        | Found a blossoming altar of Fedhas.
   397 | D        | Found an opulent altar of Gozag.
   398 | D        | Found a hazy altar of Hepliaklqana.
   399 | D        | Found a viscous altar of Jiyva.
   400 | D        | Found an ancient bone altar of Kikubaaqudgha.
   401 | D        | Found a corrupted altar of Lugonu.
   402 | D        | Found a burning altar of Makhleb.
   403 | D        | Found a sparkling altar of Nemelex Xobeh.
   404 | D        | Found an iron altar of Okawaru.
   405 | D        | Found a stormy altar of Qazlal.
   406 | D        | Found a sacrificial altar of Ru.
   407 | D        | Found a deep blue altar of Sif Muna.
   408 | D        | Found a bloodstained altar of Trog.
   409 | D        | Found a hide-covered altar of Uskayaw.
   410 | D        | Found a radiant altar of Vehumet.
   411 | D        | Found a shimmering altar of Xom.
   412 | D        | Found a basalt altar of Yredelemnul.
   413 | D        | Found a glowing silver altar of Zin.
   414 | D        | Found a glowing golden altar of the Shining One.
   462 | D        | Noticed a vampire
   462 | D        | Noticed a bullfrog
   462 | D        | Noticed a necrophage
   464 | D        | Killed a vampire
   464 | D        | Reached **** piety under Trog
   464 | D        | Reached skill level 10 in Maces & Flails
   464 | D        | Gained mutation: You have a pair of horns on your head. [demonic ancestry]
   464 | D        | Reached XP level 5. HP: 41/41 MP: 5/5
   468 | D        | Reached skill level 11 in Maces & Flails
   468 | D        | Gained mutation: You regenerate magic rapidly. [demonic ancestry]
   468 | D        | Reached XP level 6. HP: 47/47 MP: 6/6
   480 | D        | Reached ***** piety under Trog
   480 | D        | Reached skill level 12 in Maces & Flails
   516 | D        | Noticed a yak
   516 | D        | Noticed an ice beast
   516 | D        | Noticed a troll
   516 | D        | Noticed a cyclops
   518 | D        | Reached skill level 13 in Maces & Flails
   525 | D        | Killed a yak
   525 | D        | Reached skill level 14 in Maces & Flails
   525 | D        | Reached XP level 7. HP: 52/52 MP: 7/7
   532 | D        | Killed a troll
   532 | D        | Reached skill level 15 in Maces & Flails
   539 | D        | Killed a cyclops
   539 | D        | Reached skill level 16 in Maces & Flails
   539 | D        | Reached XP level 8. HP: 58/58 MP: 5/8
   695 | D        | Noticed a spiny frog
   695 | D        | Noticed a hippogriff
   695 | D        | Noticed a spiny frog
   700 | D        | Noticed a blink frog
   702 | D        | Reached ****** piety under Trog
   706 | D        | Killed a spiny frog
   706 | D        | Reached skill level 17 in Maces & Flails
   709 | D        | Killed a hippogriff
   709 | D        | Reached XP level 9. HP: 63/63 MP: 7/9
   710 | D        | Noticed a spiny frog
   713 | D        | Killed a spiny frog
   713 | D        | Reached skill level 18 in Maces & Flails
   718 | D        | Received a gift from Trog
   849 | D        | Killed a spiny frog
   894 | D        | Noticed a black mamba
   894 | D        | Noticed a spiny frog
   897 | D        | Noticed a seven-headed hydra
   906 | D        | Killed a black mamba
   906 | D        | Reached skill level 19 in Maces & Flails
   912 | D        | Killed a spiny frog
   918 | D        | HP: 2/94 [seven-headed hydra (3)]
   919 | D        | Succumbed to a spiny frog's poison

Vault maps used:
D:        linesprint

Skill      XL: |  1  2  3  4  5  6  7  8  9 |
---------------+----------------------------+-----
Maces & Flails | 5 6 7 10 11 14 16 17 19 | 19.3
Fighting       | |  3.0
Armour         | |  1.7
Dodging        | |  1.7

Action                   |  1- 3 |  4- 6 |  7- 9 || total
-------------------------+-------+-------+-------++-------
Melee: Mace              |    26 |    11 |       ||    37
       Headbutt          |     1 |     6 |    12 ||    19
       Morningstar       |       |    25 |    55 ||    80
Invok: Berserk           |     1 |     2 |     3 ||     6
       Trog's Hand       |       |     1 |     3 ||     4
  Eat: Bread ration      |       |     1 |       ||     1
       Chunk             |       |       |     1 ||     1
Armor: Animal skin       |     7 |     1 |       ||     8
       Plate armour      |       |    30 |    16 ||    46
Dodge: Dodged            |    15 |    22 |    12 ||    49
